AoeStats
← ateca9

Black Forest

510083421Analyzed
4v4 RM · 2d ago on Sep 29, 2026· 56m 46s· 8 players
Game mode
Random Map
Map size
Large (8 player)
Population
200
Speed
Normal
Resources
Standard
Victory
Conquest
Starting age
Dark Age
Ending age
Imperial Age
RankedLock teamsTeams togetherTeam positionsShared explorationLock speedFull tech treeHidden civsTurbo modeCheats
Victory
Defeat
🇮🇳 Slavs · India
992
+11
🇨🇳 Franks · China
946
+13
🇺🇸 Huns · United States
938
+13
🇮🇳 Saracens · India
907
+16
🇫🇷 Huns · France
1000
-52
🇫🇷 Khmer · France
873
-13
🇪🇸 Spanish · Spain
845
-12
🇨🇳 Turks · China
817
-11
SHALOMS WRATH
0:34 Loom
13:38 Feudal Age
14:35 Double-Bit Axe
22:05 Castle Age
19:52 Horse Collar
20:53 Fishing Lines
21:17 Gold Mining
21:21 Stone Mining
26:04 Gillnets
27:17 Wheelbarrow
27:31 Bow Saw
28:03 Gold Shaft Mining
29:12 Hand Cart
33:18 Imperial Age
31:14 Heavy Plow
31:14 Murder Holes
31:40 Ballistics
32:34 Scale Barding Armor
32:39 Forging
32:31 Caravan
33:02 Coinage
32:52 Detinets
33:08 Husbandry
33:18 Bloodlines
34:35 Elite Boyar
35:18 Druzhina
35:38 Conscription
35:37 Town Watch
36:59 Crop Rotation
39:29 Town Patrol
40:15 Chain Barding Armor
40:31 Iron Casting
40:29 Banking
39:48 Light Cavalry
41:49 Plate Barding Armor
42:51 Two-Man Saw
42:57 Chemistry
42:03 Siege Engineers
42:09 Masonry
45:37 Blast Furnace
49:30 Padded Archer Armor
49:21 Fletching
52:56 Leather Archer Armor
52:37 Bodkin Arrow
57:01 Ring Archer Armor
56:42 Spies/Treason
BLYAAAT
0:48 Loom
12:00 Feudal Age
13:14 Double-Bit Axe
13:10 Horse Collar
13:57 Stone Mining
23:16 Castle Age
34:59 Imperial Age
33:28 Forging
33:23 Scale Barding Armor
35:03 Iron Casting
34:33 Husbandry
34:45 Bloodlines
34:58 Caravan
36:24 Wheelbarrow
36:13 Chain Barding Armor
35:26 Elite Mameluke
36:27 Conscription
36:33 Ballistics
37:15 Chemistry
37:06 Gold Mining
38:32 Plate Barding Armor
39:05 Blast Furnace
38:33 Onager
39:22 Heavy Plow
39:44 Bow Saw
49:56 Siege Onager
55:12 Spies/Treason
人在阵地在
4:45 Loom
15:33 Feudal Age
17:22 Double-Bit Axe
20:10 Castle Age
18:04 Gold Mining
21:39 Bow Saw
26:13 Scale Barding Armor
27:20 Chain Barding Armor
27:11 Forging
38:56 Imperial Age
39:06 Iron Casting
38:33 Husbandry
39:53 Wheelbarrow
41:50 Chemistry
41:11 Ballistics
40:57 Siege Engineers
40:48 Cavalier
42:05 Plate Barding Armor
42:31 Blast Furnace
42:03 Paladin
44:31 Heavy Scorpion
46:22 Hand Cart
48:57 Caravan
55:23 Chivalry
Tulak Hord3920
0:27 Loom
14:26 Feudal Age
24:03 Double-Bit Axe
28:35 Castle Age
28:01 Horse Collar
28:45 Pikeman
30:03 Elite Skirmisher
30:46 Gold Mining
31:20 Bow Saw
35:42 Wheelbarrow
34:53 Town Watch
36:08 Light Cavalry
38:37 Masonry
39:34 Heavy Plow
44:11 Imperial Age
45:35 Hussar
45:38 Cavalier
47:09 Capped Ram
47:47 Halberdier
51:59 Scale Mail Armor
54:48 Siege Ram
Fralex04
8:46 Loom
11:12 Feudal Age
15:30 Castle Age
13:17 Double-Bit Axe
13:32 Horse Collar
17:14 Wheelbarrow
16:57 Bow Saw
19:02 Heavy Plow
21:42 Stone Mining
22:51 Gold Mining
25:50 Gold Shaft Mining
29:25 Imperial Age
27:00 Fletching
27:55 Hand Cart
28:20 Ballistics
28:04 Murder Holes
28:26 Forging
28:53 Scale Barding Armor
29:43 Stone Shaft Mining
29:57 Iron Casting
29:17 Pikeman
29:47 Arson
30:27 Chain Barding Armor
30:07 Scale Mail Armor
30:44 Conscription
30:27 Halberdier
32:37 Blast Furnace
36:24 Elite Ballista Elephant
38:04 Chain Mail Armor
38:27 Plate Barding Armor
37:47 Bodkin Arrow
39:13 Chemistry
38:20 Siege Engineers
39:28 Double Crossbow
41:12 Padded Archer Armor
45:10 Elite Skirmisher
46:55 Leather Archer Armor
46:40 Bracer
ateca9
0:31 Loom
13:04 Feudal Age
20:55 Wheelbarrow
23:33 Castle Age
23:19 Fletching
23:42 Forging
23:44 Stone Mining
27:55 Town Watch
29:27 Double-Bit Axe
29:34 Gold Mining
29:30 Pikeman
31:44 Scale Mail Armor
35:29 Imperial Age
36:01 Hand Cart
35:51 Town Patrol
35:39 Halberdier
39:41 Chain Mail Armor
40:02 Iron Casting
40:24 Conscription
42:01 Plate Mail Armor
41:29 Bodkin Arrow
42:32 Squires
45:35 Bloodlines
52:04 Blast Furnace
53:46 Ballistics
54:27 Chemistry
amina.brassart
5:00 Loom
21:59 Feudal Age
23:32 Wheelbarrow
22:46 Town Watch
24:12 Horse Collar
30:04 Stone Mining
30:17 Gold Mining
38:54 Castle Age
40:22 Hand Cart
伐伐伐伐木工
5:13 Loom
13:08 Feudal Age
14:59 Double-Bit Axe
16:48 Gold Mining
16:49 Stone Mining
17:50 Wheelbarrow
20:28 Castle Age
22:10 Bow Saw
21:48 Horse Collar
24:42 Heavy Plow
28:14 Imperial Age
26:53 Gold Shaft Mining
29:30 Masonry
30:17 Hand Cart
45:57 Artillery
Connection lost

Rejoining the realm…

Still unreachable

The connection could not be restored.

Session expired

The server has moved on; the page needs a fresh start.